 Dungeon Crawl Stone Soup version 0.22.1-2-g9c5b331 (webtiles) character file.

37 Gearfox the Magician (level 3, -2/28 HPs)
             Began as a Draconian Wizard on Dec 11, 2018.
             Slain by Crazy Yiuf
             ... wielding a +3 quarterstaff of chaos
              (8 damage)
             ... on level 2 of the Dungeon.
             The game lasted 00:06:16 (2109 turns).

Gearfox the Magician (Draconian Wizard)             Turns: 2109, Time: 00:06:17

Health: -2/28      AC:  5    Str:  9    XL:     3   Next: 21%
Magic:  2/8        EV: 12    Int: 19    God:
Gold:   46         SH:  0    Dex:  9    Spells: 6/9 levels left

rFire    . . .     SeeInvis .   b - +0 hunting sling
rCold    . . .     Gourm    .   (no shield)
rNeg     . . .     Faith    .   (armour unavailable)
rPois    .         Spirit   .   d - +0 hat
rElec    .         Reflect  .   (no cloak)
rCorr    .         Harm     .   (no gloves)
MR       .....                  (no boots)
Stlth    ++........             (no amulet)
HPRegen  0.09/turn              (no ring)
MPRegen  0.11/turn              (no ring)

@: lethally poisoned (-2 -> -7)
A: unfitting armour, cold-blooded, AC +5
a: no special abilities


You were on level 2 of the Dungeon.
You were not hungry.

You visited 1 branch of the dungeon, and saw 2 of its levels.

You collected 46 gold pieces.

Inventory:

Hand Weapons
 a - a +0 short sword
 b - a +0 hunting sling (weapon)
Missiles
 k - 19 stones (quivered)
Armour
 d - a +0 hat (worn)
Potions
 e - a potion of curing {unknown}
 f - a potion of berserk rage {unknown}
 h - a potion of degeneration {unknown}
 i - a potion of haste {unknown}
Comestibles
 c - a chunk of flesh


   Skills:
 * Level 1.2 Fighting
 - Level 1.7 Dodging
 - Level 1.7 Stealth
 + Level 3.7 Spellcasting
 * Level 1.6 Conjurations
 + Level 1.0 Summonings
   Level 1.0 Translocations


You had 6 spell levels left.
You knew the following spells:

 Your Spells              Type           Power        Failure   Level  Hunger
a - Magic Dart            Conj           #...         7%          1    None
b - Call Imp              Summ           #.......     14%         2    ##.....

Your spell library contained the following spells:

 Spells                   Type           Power        Failure   Level  Hunger
 Blink                    Tloc           N/A          14%         2    ##.....
 Slow                     Hex            #.......     22%         2    ##.....
 Conjure Flame            Conj/Fire      #.......     30%         3    ###....
 Mephitic Cloud           Conj/Pois/Air  #.......     34%         3    ###....


Dungeon Overview and Level Annotations

Branches:
Dungeon (2/15)

Altars:

Annotations:
D:2 Crazy Yiuf


Innate Abilities, Weirdness & Mutations

Your plain brown scales are hard. (AC +5)
You cannot fit into any form of body armour.
You are cold-blooded and may be slowed by cold attacks.


Message History

Confirm with . or Enter, or press ? or * to list all spells.
Aiming: Magic Dart (safe; 7% risk of failure)
Press: ? - help, Shift-Dir - straight line, f/p - Crazy Yiuf
Aim: Crazy Yiuf, wielding a quarterstaff of chaos and wearing a cloak The magic dart hits Crazy Yiuf.
Crazy Yiuf is moderately wounded.
Crazy Yiuf laughs, "Blight tired forty-two!"
Crazy Yiuf hits you with a quarterstaff of chaos!
You feel yourself slow down. Crazy Yiuf freezes you.
* * * LOW HITPOINT WARNING * * *
Your shadow imp hits Crazy Yiuf but does no damage.
You feel yourself speed up.
Crazy Yiuf hits you with a quarterstaff of chaos.
* * * LOW HITPOINT WARNING * * *
You are poisoned.
* * * LOW HITPOINT WARNING * * *
You feel sick.
Your shadow imp barely misses Crazy Yiuf.
Crazy Yiuf hits you with a quarterstaff of chaos!
You die...

♣♣.♣ ♣.♣♣ ♣♣.♣♣ ♣.P.♣♣
♣.PP.♣ #....# #..5.#
##.g.# #... #@.## #..#
#.## #..# ##.#####
#..# #......# ##..#
#...####.# ##...#####
#.....###.###.........
#.<#.................#
#.....###.#####.###.##
##... #.# #.#


You could see Crazy Yiuf and a friendly shadow imp.

Vanquished Creatures
  An adder (D:1)
  A dart slug (D:1)
  2 leopard geckos (D:1)
  A ball python (D:1)
  3 goblins (D:1)
  3 hobgoblins (D:1)
  2 jackals (D:1)
  2 bats (D:1)
  5 frilled lizards
  4 kobolds (D:1)
  A rat (D:1)
25 creatures vanquished.

Notes
Turn   | Place    | Note
-------+----------+-------------------------------------------
     0 | D:1      | Gearfox the Draconian Wizard began the quest for the Orb.
     0 | D:1      | Reached XP level 1. HP: 14/14 MP: 4/4
   489 | D:1      | Reached XP level 2. HP: 20/22 MP: 0/6
   497 | D:1      | Learned a level 2 spell: Call Imp
  1019 | D:1      | Reached skill level 1 in Fighting
  1158 | D:1      | Reached XP level 3. HP: 21/28 MP: 2/8
  2084 | D:2      | Found a runed door.
  2088 | D:2      | Noticed Crazy Yiuf
  2109 | D:2      | Slain by Crazy Yiuf

Skill      XL: |  1  2 |
---------------+-------+-----
Fighting       | 1 |  1.2
Dodging        | |  1.7
Stealth        | |  1.7
Spellcasting   | |  3.7
Conjurations   | |  1.6
Summonings     | |  1.0
Translocations | |  1.0

Action                   || total
-------------------------++-------
Melee: Short sword       ||     7
 Fire: Hunting sling     ||     5
 Cast: Magic Dart        ||    53
       Call Imp          ||     2
  Use: Scroll            ||     3
  Eat: Chunk             ||     1
       Ration            ||     1
Armor: Skin              ||    10
Dodge: Dodged            ||    30
